Monsters vs Pirates

Created - Monday, November 17, 2014 at 23:19

Goals
1 2 3 T
Monsters 0 0 1 1
Pirates 5 6 1 12
Shots
1 2 3 T
Monsters 8 8 11 27
Pirates 6 13 14 33

1st period

1. Pirates , Gilbert Brule 11 (Peter Holland) at 2:12
2. Pirates , Gilbert Brule 12 (Ryan Craig, Aaron Rome) at 3:12
3. Pirates , Nick Johnson 1 (Aaron Rome, Eric Tangradi) at 5:24 (PP)
4. Pirates , Gilbert Brule 13 (Ryan Craig, Mike Komisarek) at 11:42
5. Pirates , Peter Holland 9 (Gilbert Brule) at 19:42

Penalties :
David Steckel (POR) for Fighting (Major) at 2:54, Matthew Corrente (LAM) for Fighting (Major) at 2:54, Brandon Segal (POR) for Fighting (Major) at 3:17, Taylor Fedun (LAM) for Fighting (Major) at 3:17, Farm Player13 (LAM) for Hooking (Minor) at 4:09, Nick Johnson (POR) for Tripping (Minor) at 6:47

2nd period

6. Pirates , Ryan Craig 2 (Gilbert Brule) at 0:10
7. Pirates , Gilbert Brule 14 (Hal Gill, Bobby Butler) at 0:39
8. Pirates , Eric Tangradi 7 (Brandon Segal, David Steckel) at 7:17
9. Pirates , Mike Komisarek 1 (Eric Tangradi, Brandon Segal) at 9:27 (PP)
10. Pirates , Gilbert Brule 15 (Ryan Craig) at 10:57 (PP)
11. Pirates , Ryan Craig 3 (Gilbert Brule) at 14:38

Penalties :
Farm Player32 (LAM) for Hooking (Minor) at 9:05, Matthew Corrente (LAM) for Hooking (Minor) at 10:33, Matthew Corrente (LAM) for Interference (Minor) at 18:37

3rd period

12. Monsters , Max Friberg 3 (Andrew Joudrey) at 1:59 (PP)
13. Pirates , Gilbert Brule 16 (Ryan Craig) at 2:43

Penalties :
Mike McKenna (POR) for Slashing (Minor) at 1:28 - David Steckel served the penalty, David Steckel (POR) for Fighting (Major) at 2:16, Andrej Nestrasil (LAM) for Fighting (Major) at 2:16, Brandon Segal (POR) for Fighting (Major) at 4:04, Matthew Corrente (LAM) for Fighting (Major) at 4:04, Nick Johnson (POR) for Fighting (Major) at 5:50, Taylor Fedun (LAM) for Fighting (Major) at 5:50, Markus Granlund (POR) for Interference (Minor) at 6:34

Goalie Stats

Farm Player80 (LAM), 3 saves from 7 shots - (0.429), 15:35 minutes
Farm Player100 (LAM), 18 saves from 26 shots - (0.692), L, 0-9-0, 44:25 minutes
Mike McKenna (POR), 26 saves from 27 shots - (0.963), W, 4-1-1, 60:00 minutes

Players Stats for Monsters

Player Name              G  A  P  +/- PIM S  H  SB GA TA FO     MP     PP MP  PK MP  
------------------------------------------------------------------------------------
Andrej Nestrasil         0  0  0  -4  5   2  0  0  2  1  1/1    13:13   2:21   0:14 
Andrew Joudrey           0  1  1  -1  0   1  3  0  0  0  10/21  18:27   1:46   0:00 
Benn Ferriero            0  0  0  -6  0   5  3  2  6  2  5/14   26:07   2:43   3:19 
Brett Hextall            0  0  0  -2  0   0  2  0  2  0  0/0    14:51   0:00   0:37 
Farm Player12            0  0  0  -2  0   0  0  1  0  0  0/0     2:11   0:00   0:11 
Farm Player13            0  0  0  -2  2   0  0  0  0  0  0/0    20:39   2:45   1:11 
Farm Player18            0  0  0  -1  0   0  0  1  0  0  0/0    16:30   3:34   0:42 
Farm Player27            0  0  0  -2  0   1  0  0  0  1  0/1    19:36   1:15   3:01 
Farm Player32            0  0  0  -3  2   0  0  0  0  1  0/0    19:33   0:02   0:00 
Farm Player33            0  0  0   0  0   0  0  0  0  0  0/0     2:25   0:00   0:00 
Gleason Fournier         0  0  0  -2  0   2  2  1  0  2  0/0    18:14   0:29   1:28 
Justin Mercier           0  0  0   0  0   0  0  0  0  0  0/0     1:04   0:00   0:00 
Matthew Corrente         0  0  0  -3  14  0  1  0  1  2  0/0    18:26   0:29   0:00 
Max Friberg              1  0  1  -1  0   6  3  1  1  1  1/1    18:41   1:46   0:14 
Paul Bissonnette         0  0  0  -1  0   4  2  3  3  0  0/1    21:27   1:46   3:12 
Raphael Bussieres        0  0  0  -6  0   2  0  0  0  0  9/20   23:36   2:43   0:00 
Tanner Richard           0  0  0  -4  0   3  2  0  0  0  1/4    17:57   0:22   0:00 
Taylor Fedun             0  0  0  -5  10  1  2  3  3  3  0/0    22:50   0:24   1:47 

Players Stats for Pirates

Player Name              G  A  P  +/- PIM S  H  SB GA TA FO     MP     PP MP  PK MP  
------------------------------------------------------------------------------------
Aaron Rome               0  2  2   2  0   1  1  2  3  1  0/0    19:23   0:41   1:49 
Alex Broadhurst          0  0  0   0  0   0  0  0  0  0  0/0     0:00   0:00   0:00 
Andrew Alberts           0  0  0   2  0   0  0  0  0  0  0/0    18:42   0:41   1:49 
Bobby Butler             0  1  1   6  0   1  3  1  0  1  5/8    25:39   2:13   2:50 
Brandon Segal            0  2  2   1  10  1  0  1  1  0  1/1    17:24   1:16   0:22 
David Steckel            0  1  1   1  10  0  1  3  1  0  7/11   17:27   1:16   1:22 
Eric Tangradi            1  2  3   1  0   3  1  0  1  0  0/0    19:13   1:46   0:00 
Gilbert Brule            6  3  9   8  0   8  0  0  5  1  10/20  25:03   2:13   3:11 
Hal Gill                 0  1  1   4  0   3  3  1  0  3  0/0    27:47   3:18   2:40 
Henrik Tommernes         0  0  0   3  0   0  0  1  0  0  0/0    13:30   0:00   0:00 
Markus Granlund          0  0  0   0  2   4  2  0  4  1  5/7    13:01   0:00   0:50 
Mike Komisarek           1  1  2   4  0   2  2  1  0  0  0/0    27:47   3:18   2:40 
Nick Johnson             1  0  1   0  7   3  1  0  0  0  1/2    14:34   0:30   0:00 
Peter Holland            1  1  2   2  0   3  1  0  0  0  7/12   15:30   0:30   0:00 
Ryan Craig               2  4  6   6  0   3  1  0  2  1  0/1    15:11   2:13   0:28 
Ryan Stoa                0  0  0   2  0   0  1  1  0  0  0/1    12:49   0:00   1:06 
Tobias Rieder            0  0  0   0  0   0  0  0  0  0  0/0     0:00   0:00   0:00 
Vincent LoVerde          0  0  0   3  0   1  1  1  0  2  0/0    13:30   0:00   0:00 

3 Stars

1 - Gilbert Brule (POR)
2 - Ryan Craig (POR)
3 - Mike Komisarek (POR)

Power Play

Monsters - 1 on 3 Attempt(s) - 33.33%
Pirates - 3 on 4 Attempt(s) - 75.00%

Penalty Kill

Monsters - 1 on 4 Attempt(s) - 25.00% - Score 0 goal in Penalty Kill
Pirates - 2 on 3 Attempt(s) - 66.67% - Score 0 goal in Penalty Kill

Official

Referees : Unknown
Linesman : Unknown

Game Notes

Matthew Corrente beats up David Steckel at 2:54 of 1st period
Taylor Fedun beats up Brandon Segal at 3:17 of 1st period
Farm Player12 is injured at 4:21 of 1st period (Sprained Right Ankle)
Gilbert Brule has scored a Hat Trick!
Farm Player80 enters game at 11:42 of 1st period
Farm Player100 enters game at 7:17 of 2nd period
David Steckel and Andrej Nestrasil fight to a draw at 2:16 of 3rd period
Brandon Segal and Matthew Corrente fight to a draw at 4:04 of 3rd period
Nick Johnson and Taylor Fedun fight to a draw at 5:50 of 3rd period

Finance

Level 1 -- Attendance: 1560 (78.00%) -- Ticket Income $54,600
Level 2 -- Attendance: 784 (78.40%) -- Ticket Income $11,760
Total Attendance: 2344 (78.13%)
Total Ticket Income: $66,360
Other Income: $32,516
Total Income: $98,876

Monsters

5 vs 5 Forward 
   Center                   Left Wing                Right Wing               Time % Phy DF OF 
 1 Raphael Bussieres        Benn Ferriero            Andrej Nestrasil         35     1   2  2  
 2 Andrew Joudrey           Max Friberg              Paul Bissonnette         30     1   2  2  
 3 Tanner Richard           Raphael Bussieres        Brett Hextall            22     1   2  2  
 4 Benn Ferriero            Farm Player27            Farm Player18            13     1   2  2  

5 vs 5 Defense 
   Defense                  Defense                                           Time % Phy DF OF 
 1 Taylor Fedun             Farm Player32                                     35     1   2  2  
 2 Matthew Corrente         Gleason Fournier                                  30     1   2  2  
 3 Farm Player12            Farm Player13                                     22     1   2  2  
 4 Taylor Fedun             Matthew Corrente                                  13     1   2  2  

PowerPlay Forward 
   Center                   Left Wing                Right Wing               Time % Phy DF OF 
 1 Raphael Bussieres        Benn Ferriero            Andrej Nestrasil         60     1   2  2  
 2 Andrew Joudrey           Max Friberg              Paul Bissonnette         40     1   2  2  

PowerPlay Defense
   Defense                  Defense                                           Time % Phy DF OF 
 1 Taylor Fedun             Farm Player12                                     60     1   2  2  
 2 Matthew Corrente         Gleason Fournier                                  40     1   2  2  

Penalty Kill 4 Players Forward 
   Center                   Wing                     Time % Phy DF OF 
 1 Benn Ferriero            Paul Bissonnette         60     1   2  2  
 2 Andrej Nestrasil         Max Friberg              40     1   2  2  

Penalty Kill 4 Players Defense
   Defense                  Defense                  Time % Phy DF OF 
 1 Taylor Fedun             Farm Player27            60     1   2  2  
 2 Matthew Corrente         Gleason Fournier         40     1   2  2  

Penalty Kill - 3 Players Forward 
   Forward                                           Time % Phy DF OF 
 1 Benn Ferriero                                     60     1   2  2  
 2 Max Friberg                                       40     1   2  2  

Penalty Kill - 3 Players Defense
   Defense                  Defense                  Time % Phy DF OF 
 1 Taylor Fedun             Farm Player12            60     1   2  2  
 2 Matthew Corrente         Gleason Fournier         40     1   2  2  

4 vs 4 Forward 
   Center                   Wing                     Time % Phy DF OF 
 1 Benn Ferriero            Raphael Bussieres        60     1   2  2  
 2 Andrej Nestrasil         Max Friberg              40     1   2  2  

4 vs 4 Defense
   Defense                  Defense                  Time % Phy DF OF 
 1 Taylor Fedun             Farm Player13            60     1   2  2  
 2 Matthew Corrente         Gleason Fournier         40     1   2  2  

Last Minutes Offensive
   Center                   Left Wing                Right Wing               Defense                  Defense                  
   Max Friberg              Benn Ferriero            Andrej Nestrasil         Taylor Fedun             Matthew Corrente         

Last Minutes Defensive
   Center                   Left Wing                Right Wing               Defense                  Defense                  
   Max Friberg              Benn Ferriero            Andrej Nestrasil         Taylor Fedun             Matthew Corrente         

Goaltenders
Starting : Farm Player100           
Backup : Farm Player80            

Extra Forwards
Normal : Raphael Bussieres, Tanner Richard, Brett Hextall - PP : Raphael Bussieres, Tanner Richard - PK : Brett Hextall
Extra Defensemen
Normal : Farm Player12, Farm Player13, Farm Player27 - PP : Farm Player12 - PK : Farm Player13, Farm Player27
Penalty Shots
Benn Ferriero, Brett Hextall, Andrej Nestrasil, Max Friberg, Paul Bissonnette

Pirates

5 vs 5 Forward 
   Center                   Left Wing                Right Wing               Time % Phy DF OF 
 1 Gilbert Brule            Ryan Craig               Bobby Butler             35     1   2  2  
 2 David Steckel            Eric Tangradi            Brandon Segal            30     1   2  2  
 3 Markus Granlund          Nick Johnson             Bobby Butler             22     1   2  2  
 4 Peter Holland            Ryan Stoa                Gilbert Brule            13     1   2  2  

5 vs 5 Defense 
   Defense                  Defense                                           Time % Phy DF OF 
 1 Hal Gill                 Mike Komisarek                                    35     1   2  2  
 2 Aaron Rome               Andrew Alberts                                    30     1   2  2  
 3 Henrik Tommernes         Vincent LoVerde                                   22     1   2  2  
 4 Hal Gill                 Mike Komisarek                                    13     1   2  2  

PowerPlay Forward 
   Center                   Left Wing                Right Wing               Time % Phy DF OF 
 1 Gilbert Brule            Ryan Craig               Bobby Butler             60     1   2  2  
 2 David Steckel            Eric Tangradi            Brandon Segal            40     1   2  2  

PowerPlay Defense
   Defense                  Defense                                           Time % Phy DF OF 
 1 Hal Gill                 Mike Komisarek                                    60     1   2  2  
 2 Aaron Rome               Andrew Alberts                                    40     1   2  2  

Penalty Kill 4 Players Forward 
   Center                   Wing                     Time % Phy DF OF 
 1 Bobby Butler             Gilbert Brule            60     1   2  2  
 2 David Steckel            Markus Granlund          40     1   2  2  

Penalty Kill 4 Players Defense
   Defense                  Defense                  Time % Phy DF OF 
 1 Hal Gill                 Mike Komisarek           60     1   2  2  
 2 Aaron Rome               Andrew Alberts           40     1   2  2  

Penalty Kill - 3 Players Forward 
   Forward                                           Time % Phy DF OF 
 1 Bobby Butler                                      60     1   2  2  
 2 Gilbert Brule                                     40     1   2  2  

Penalty Kill - 3 Players Defense
   Defense                  Defense                  Time % Phy DF OF 
 1 Hal Gill                 Mike Komisarek           60     1   2  2  
 2 Aaron Rome               Andrew Alberts           40     1   2  2  

4 vs 4 Forward 
   Center                   Wing                     Time % Phy DF OF 
 1 Bobby Butler             Gilbert Brule            60     1   2  2  
 2 David Steckel            Markus Granlund          40     1   2  2  

4 vs 4 Defense
   Defense                  Defense                  Time % Phy DF OF 
 1 Hal Gill                 Mike Komisarek           60     1   2  2  
 2 Aaron Rome               Andrew Alberts           40     1   2  2  

Last Minutes Offensive
   Center                   Left Wing                Right Wing               Defense                  Defense                  
   Gilbert Brule            Ryan Craig               Bobby Butler             Hal Gill                 Mike Komisarek           

Last Minutes Defensive
   Center                   Left Wing                Right Wing               Defense                  Defense                  
   Gilbert Brule            Ryan Craig               Bobby Butler             Hal Gill                 Mike Komisarek           

Goaltenders
Starting : Mike McKenna             
Backup : Malcolm Subban           

Extra Forwards
Normal : Peter Holland, Nick Johnson, Ryan Stoa - PP : Peter Holland, Nick Johnson - PK : Ryan Stoa
Extra Defensemen
Normal : Henrik Tommernes, Vincent LoVerde, Aaron Rome - PP : Henrik Tommernes - PK : Vincent LoVerde, Aaron Rome
Penalty Shots
Bobby Butler, Gilbert Brule, David Steckel, Markus Granlund, Brandon Segal

% Time on Ice - Monsters

Lines # - Real PCT - Wanted PCT - Time Play
Normal Forward
1 - 27% - 35% - 14:09
2 - 32% - 30% - 16:41
3 - 26% - 22% - 13:31
4 - 14% - 13% - 7:10
Normal Defense
1 - 32% - 35% - 16:26
2 - 30% - 30% - 15:24
3 - 25% - 22% - 13:03
4 - 13% - 13% - 6:38
PP Forward
1 - 61% - 60% - 2:43
2 - 39% - 40% - 1:46
PP Defense
1 - 89% - 60% - 4:00
2 - 11% - 40% - 0:29
PK Forward
1 - 94% - 60% - 3:46
2 - 6% - 40% - 0:14
PK Defense
1 - 63% - 60% - 2:32
2 - 37% - 40% - 1:28
PK3 Forward
1 - 0% - 60%
2 - 0% - 40%
PK3 Defense
1 - 0% - 60%
2 - 0% - 40%
44 Forward
1 - 0% - 60%
2 - 0% - 40%
44 Defense
1 - 0% - 60%
2 - 0% - 40%
Last Minute Offensive  - 0:00
Last Minute Defensive  - 0:00
Total
Forward - 60:00
Defense - 60:00

% Time on Ice - Pirates

Lines # - Real PCT - Wanted PCT - Time Play
Normal Forward
1 - 24% - 35% - 12:08
2 - 34% - 30% - 17:27
3 - 23% - 22% - 11:46
4 - 20% - 13% - 10:10
Normal Defense
1 - 34% - 35% - 17:43
2 - 31% - 30% - 16:12
3 - 26% - 22% - 13:30
4 - 8% - 13% - 4:06
PP Forward
1 - 56% - 60% - 2:14
2 - 44% - 40% - 1:46
PP Defense
1 - 83% - 60% - 3:18
2 - 18% - 40% - 0:42
PK Forward
1 - 81% - 60% - 3:39
2 - 19% - 40% - 0:50
PK Defense
1 - 59% - 60% - 2:40
2 - 41% - 40% - 1:49
PK3 Forward
1 - 0% - 60%
2 - 0% - 40%
PK3 Defense
1 - 0% - 60%
2 - 0% - 40%
44 Forward
1 - 0% - 60%
2 - 0% - 40%
44 Defense
1 - 0% - 60%
2 - 0% - 40%
Last Minute Offensive  - 0:00
Last Minute Defensive  - 0:00
Total
Forward - 60:00
Defense - 60:00

Play by Play

1st period


0:01 of 1st period - Raphael Bussieres wins face-off versus Gilbert Brule in neutral zone.
0:06 of 1st period - Slapshot by Andrej Nestrasil.
0:06 of 1st period - Shot Misses the Net.
0:08 of 1st period - Slapshot by Taylor Fedun.
0:08 of 1st period - Shot Blocked by Hal Gill.
0:10 of 1st period - Snap shot by Andrej Nestrasil.
0:10 of 1st period - Stopped by Mike McKenna with a rebound.
0:16 of 1st period - Snap shot by Benn Ferriero.
0:16 of 1st period - Stopped by Mike McKenna with a rebound.
0:18 of 1st period - Slapshot by Farm Player32.
0:18 of 1st period - Deflect By Benn Ferriero.
0:18 of 1st period - Shot Misses the Net.
0:18 of 1st period - Puck is out of play.
0:19 of 1st period - Andrej Nestrasil wins face-off versus Gilbert Brule in Pirates zone.
1:00 of 1st period - David Steckel is hit by Andrew Joudrey and loses puck.
1:15 of 1st period - Snap shot by Max Friberg.
1:15 of 1st period - Shot Misses the Net.
1:39 of 1st period - Raphael Bussieres is hit by Mike Komisarek.
2:10 of 1st period - Icing by Raphael Bussieres.
2:11 of 1st period - Peter Holland wins face-off versus Benn Ferriero in Monsters zone.
2:12 of 1st period - Snap shot by Gilbert Brule.
2:12 of 1st period - Goal by Gilbert Brule - Monsters : 0 - Pirates : 1.
2:13 of 1st period - Peter Holland wins face-off versus Farm Player27 in neutral zone.
2:24 of 1st period - Off-side.
2:25 of 1st period - Gilbert Brule wins face-off versus Benn Ferriero in neutral zone.
2:40 of 1st period - Peter Holland is hit by Benn Ferriero and loses puck.
2:47 of 1st period - Backhand shot by Gleason Fournier.
2:47 of 1st period - Shot Blocked by Vincent LoVerde.
2:49 of 1st period - Slapshot by Gleason Fournier.
2:49 of 1st period - Shot Blocked by Henrik Tommernes.
2:51 of 1st period - Slapshot by Gleason Fournier.
2:51 of 1st period - Stopped by Mike McKenna without a rebound.
2:52 of 1st period - David Steckel wins face-off versus Andrew Joudrey in Pirates zone.
2:54 of 1st period - Matthew Corrente beats up David Steckel.
2:54 of 1st period - Penalty to David Steckel for Fighting.
2:54 of 1st period - Penalty to Matthew Corrente for Fighting.
2:55 of 1st period - Gilbert Brule wins face-off versus Raphael Bussieres in neutral zone.
3:12 of 1st period - Wrist shot by Gilbert Brule.
3:12 of 1st period - Deflect By Andrej Nestrasil.
3:12 of 1st period - Goal by Gilbert Brule - Monsters : 0 - Pirates : 2.
3:13 of 1st period - Andrew Joudrey wins face-off versus Peter Holland in neutral zone.
3:16 of 1st period - Peter Holland is hit by Paul Bissonnette.
3:17 of 1st period - Taylor Fedun beats up Brandon Segal.
3:17 of 1st period - Penalty to Brandon Segal for Fighting.
3:17 of 1st period - Penalty to Taylor Fedun for Fighting.
3:18 of 1st period - Peter Holland wins face-off versus Andrew Joudrey in neutral zone.
3:21 of 1st period - Snap shot by Peter Holland.
3:21 of 1st period - Shot Blocked by Paul Bissonnette.
4:09 of 1st period - Minor Penalty to Farm Player13 for Hooking.
4:10 of 1st period - Gilbert Brule wins face-off versus Benn Ferriero in Monsters zone.
4:21 of 1st period - Wrist shot by Ryan Craig.
4:21 of 1st period - Shot Blocked by Farm Player12.
4:21 of 1st period - Farm Player12 from Monsters is injured at 4:21 of 1st period (Sprained Right Ankle).
4:22 of 1st period - Benn Ferriero wins face-off versus Gilbert Brule in Monsters zone.
4:54 of 1st period - Off-side.
4:55 of 1st period - Benn Ferriero wins face-off versus Peter Holland in neutral zone.
5:20 of 1st period - Snap shot by Aaron Rome.
5:20 of 1st period - Shot Misses the Net.
5:22 of 1st period - Slapshot by Nick Johnson.
5:22 of 1st period - Shot Misses the Net.
5:24 of 1st period - Wrist shot by Nick Johnson.
5:24 of 1st period - Goal by Nick Johnson - Monsters : 0 - Pirates : 3.
5:25 of 1st period - Gilbert Brule wins face-off versus Tanner Richard in neutral zone.
6:38 of 1st period - Ryan Craig is hit by Andrew Joudrey and loses puck.
6:47 of 1st period - Minor Penalty to Nick Johnson for Tripping.
6:48 of 1st period - Bobby Butler wins face-off versus Raphael Bussieres in Pirates zone.
7:01 of 1st period - Snap shot by Benn Ferriero.
7:01 of 1st period - Deflect By Raphael Bussieres.
7:01 of 1st period - Stopped by Mike McKenna with a rebound.
7:32 of 1st period - Mike Komisarek is hit by Paul Bissonnette and loses puck.
7:45 of 1st period - Slapshot by Paul Bissonnette.
7:45 of 1st period - Stopped by Mike McKenna with a rebound.
7:54 of 1st period - Penalty to David Steckel is over, David Steckel is back on ice.
8:01 of 1st period - Snap shot by Andrej Nestrasil.
8:01 of 1st period - Shot Blocked by David Steckel.
8:03 of 1st period - Snap shot by Andrej Nestrasil.
8:03 of 1st period - Shot Blocked by Mike Komisarek.
8:05 of 1st period - Snap shot by Andrej Nestrasil.
8:05 of 1st period - Stopped by Mike McKenna without a rebound.
8:06 of 1st period - Raphael Bussieres wins face-off versus David Steckel in Pirates zone.
8:17 of 1st period - Penalty to Brandon Segal is over, Brandon Segal is back on ice.
8:23 of 1st period - Aaron Rome is hit by Andrew Joudrey and loses puck.
8:47 of 1st period - Penalty to Nick Johnson is over, Nick Johnson is back on ice.
9:12 of 1st period - Backhand shot by Tanner Richard.
9:12 of 1st period - Shot Blocked by Aaron Rome.
9:14 of 1st period - Slapshot by Gleason Fournier.
9:14 of 1st period - Shot Blocked by David Steckel.
9:16 of 1st period - Snap shot by Tanner Richard.
9:16 of 1st period - Shot Blocked by David Steckel.
9:18 of 1st period - Snap shot by Brett Hextall.
9:18 of 1st period - Shot Misses the Net.
9:20 of 1st period - Snap shot by Tanner Richard.
9:20 of 1st period - Stopped by Mike McKenna with a rebound.
9:42 of 1st period - Snap shot by Max Friberg.
9:42 of 1st period - Stopped by Mike McKenna without a rebound.
9:43 of 1st period - Max Friberg wins face-off versus Peter Holland in Pirates zone.
10:48 of 1st period - Nick Johnson is hit by Max Friberg.
11:06 of 1st period - Brandon Segal is hit by Brett Hextall and loses puck.
11:33 of 1st period - Benn Ferriero is hit by Bobby Butler and loses puck.
11:42 of 1st period - Snap shot by Gilbert Brule.
11:42 of 1st period - Goal by Gilbert Brule - Monsters : 0 - Pirates : 4.
11:42 of 1st period - Farm Player80 enters game.
11:43 of 1st period - Raphael Bussieres wins face-off versus Peter Holland in neutral zone.
12:18 of 1st period - Icing by Taylor Fedun.
12:19 of 1st period - Brandon Segal wins face-off versus Raphael Bussieres in Monsters zone.
12:28 of 1st period - Slapshot by Brandon Segal.
12:28 of 1st period - Shot Blocked by Taylor Fedun.
12:30 of 1st period - Snap shot by Eric Tangradi.
12:30 of 1st period - Shot Blocked by Benn Ferriero.
12:58 of 1st period - Snap shot by Paul Bissonnette.
12:58 of 1st period - Shot Hit the Post.
13:09 of 1st period - Icing by Hal Gill.
13:10 of 1st period - Andrew Joudrey wins face-off versus Bobby Butler in Pirates zone.
13:59 of 1st period - Off-side.
14:00 of 1st period - David Steckel wins face-off versus Andrew Joudrey in neutral zone.
14:04 of 1st period - Off-side.
14:05 of 1st period - David Steckel wins face-off versus Andrew Joudrey in neutral zone.
14:24 of 1st period - Snap shot by Eric Tangradi.
14:24 of 1st period - Shot Misses the Net.
14:26 of 1st period - Snap shot by David Steckel.
14:26 of 1st period - Shot Hit the Post.
14:54 of 1st period - Taylor Fedun is hit by Ryan Stoa and loses puck.
15:11 of 1st period - Peter Holland is hit by Taylor Fedun and loses puck.
18:29 of 1st period - Snap shot by Gilbert Brule.
18:29 of 1st period - Deflect By Ryan Craig.
18:29 of 1st period - Stopped by Farm Player80 with a rebound.
18:47 of 1st period - Matthew Corrente is hit by Hal Gill and loses puck.
18:58 of 1st period - Snap shot by Brandon Segal.
18:58 of 1st period - Shot Blocked by Taylor Fedun.
19:42 of 1st period - Wrist shot by Peter Holland.
19:42 of 1st period - Goal by Peter Holland - Monsters : 0 - Pirates : 5.
19:43 of 1st period - Peter Holland wins face-off versus Benn Ferriero in neutral zone.
Goals for this period are 0 for Monsters vs 5 for Pirates.
Shots for this period are 8 for Monsters vs 6 for Pirates.

2nd period


0:01 of 2nd period - Gilbert Brule wins face-off versus Raphael Bussieres in neutral zone.
0:10 of 2nd period - Snap shot by Ryan Craig.
0:10 of 2nd period - Goal by Ryan Craig - Monsters : 0 - Pirates : 6.
0:11 of 2nd period - Raphael Bussieres wins face-off versus Gilbert Brule in neutral zone.
0:19 of 2nd period - Benn Ferriero is hit by Ryan Craig and loses puck.
0:39 of 2nd period - Snap shot by Gilbert Brule.
0:39 of 2nd period - Goal by Gilbert Brule - Monsters : 0 - Pirates : 7.
0:40 of 2nd period - Andrew Joudrey wins face-off versus David Steckel in neutral zone.
1:05 of 2nd period - Snap shot by David Steckel.
1:05 of 2nd period - Shot Blocked by Paul Bissonnette.
1:23 of 2nd period - Icing by Max Friberg.
1:24 of 2nd period - Gilbert Brule wins face-off versus Andrew Joudrey in Monsters zone.
1:25 of 2nd period - Wrist shot by Bobby Butler.
1:25 of 2nd period - Stopped by Farm Player80 with a rebound.
2:02 of 2nd period - Icing by Farm Player32.
2:03 of 2nd period - Raphael Bussieres wins face-off versus Markus Granlund in Monsters zone.
2:51 of 2nd period - Slapshot by Taylor Fedun.
2:51 of 2nd period - Stopped by Mike McKenna without a rebound.
2:52 of 2nd period - David Steckel wins face-off versus Benn Ferriero in Pirates zone.
3:05 of 2nd period - Snap shot by Benn Ferriero.
3:05 of 2nd period - Shot Blocked by Aaron Rome.
3:34 of 2nd period - Off-side.
3:35 of 2nd period - Tanner Richard wins face-off versus Peter Holland in neutral zone.
4:46 of 2nd period - Max Friberg is hit by Nick Johnson and loses puck.
4:57 of 2nd period - Wrist shot by Eric Tangradi.
4:57 of 2nd period - Shot Misses the Net.
5:18 of 2nd period - David Steckel is hit by Benn Ferriero and loses puck.
5:46 of 2nd period - Off-side.
5:47 of 2nd period - Andrew Joudrey wins face-off versus Gilbert Brule in neutral zone.
5:54 of 2nd period - Slapshot by Max Friberg.
5:54 of 2nd period - Stopped by Mike McKenna with a rebound.
6:29 of 2nd period - Snap shot by Gilbert Brule.
6:29 of 2nd period - Stopped by Farm Player80 with a rebound.
6:51 of 2nd period - Off-side.
6:52 of 2nd period - Andrew Joudrey wins face-off versus Nick Johnson in neutral zone.
7:17 of 2nd period - Wrist shot by Eric Tangradi.
7:17 of 2nd period - Goal by Eric Tangradi - Monsters : 0 - Pirates : 8.
7:17 of 2nd period - Farm Player100 enters game.
7:18 of 2nd period - Raphael Bussieres wins face-off versus David Steckel in neutral zone.
8:29 of 2nd period - Wrist shot by Benn Ferriero.
8:29 of 2nd period - Stopped by Mike McKenna without a rebound.
8:30 of 2nd period - Markus Granlund wins face-off versus Benn Ferriero in Pirates zone.
9:05 of 2nd period - Minor Penalty to Farm Player32 for Hooking.
9:06 of 2nd period - David Steckel wins face-off versus Benn Ferriero in Monsters zone.
9:25 of 2nd period - Wrist shot by Eric Tangradi.
9:25 of 2nd period - Shot Misses the Net.
9:27 of 2nd period - Slapshot by Mike Komisarek.
9:27 of 2nd period - Goal by Mike Komisarek - Monsters : 0 - Pirates : 9.
9:28 of 2nd period - Raphael Bussieres wins face-off versus Gilbert Brule in neutral zone.
9:33 of 2nd period - Ryan Craig is hit by Gleason Fournier and loses puck.
9:54 of 2nd period - Snap shot by Brett Hextall.
9:54 of 2nd period - Shot Misses the Net.
9:56 of 2nd period - Wrist shot by Brett Hextall.
9:56 of 2nd period - Shot Misses the Net.
9:58 of 2nd period - Wrist shot by Gleason Fournier.
9:58 of 2nd period - Stopped by Mike McKenna without a rebound.
9:59 of 2nd period - David Steckel wins face-off versus Andrew Joudrey in Pirates zone.
10:24 of 2nd period - Wrist shot by Brandon Segal.
10:24 of 2nd period - Shot Misses the Net.
10:26 of 2nd period - Slapshot by Hal Gill.
10:26 of 2nd period - Deflect By Eric Tangradi.
10:26 of 2nd period - Shot Misses the Net.
10:26 of 2nd period - Puck is out of play.
10:27 of 2nd period - Gilbert Brule wins face-off versus Raphael Bussieres in Monsters zone.
10:33 of 2nd period - Minor Penalty to Matthew Corrente for Hooking.
10:34 of 2nd period - Benn Ferriero wins face-off versus Gilbert Brule in Monsters zone.
10:41 of 2nd period - Off-side.
10:42 of 2nd period - Gilbert Brule wins face-off versus Benn Ferriero in neutral zone.
10:57 of 2nd period - Snap shot by Gilbert Brule.
10:57 of 2nd period - Goal by Gilbert Brule - Monsters : 0 - Pirates : 10.
10:58 of 2nd period - Gilbert Brule wins face-off versus Raphael Bussieres in neutral zone.
12:13 of 2nd period - Matthew Corrente is hit by David Steckel and loses puck.
12:24 of 2nd period - Wrist shot by Max Friberg.
12:24 of 2nd period - Stopped by Mike McKenna with a rebound.
13:06 of 2nd period - Slapshot by Benn Ferriero.
13:06 of 2nd period - Stopped by Mike McKenna without a rebound.
13:07 of 2nd period - Markus Granlund wins face-off versus Benn Ferriero in Pirates zone.
14:05 of 2nd period - Aaron Rome is hit by Tanner Richard and loses puck.
14:38 of 2nd period - Backhand shot by Ryan Craig.
14:38 of 2nd period - Goal by Ryan Craig - Monsters : 0 - Pirates : 11.
14:39 of 2nd period - Nick Johnson wins face-off versus Andrew Joudrey in neutral zone.
14:56 of 2nd period - Wrist shot by Paul Bissonnette.
14:56 of 2nd period - Shot Misses the Net.
15:08 of 2nd period - Slapshot by Paul Bissonnette.
15:08 of 2nd period - Stopped by Mike McKenna with a rebound.
16:13 of 2nd period - Snap shot by Gilbert Brule.
16:13 of 2nd period - Shot Misses the Net.
16:15 of 2nd period - Slapshot by Aaron Rome.
16:15 of 2nd period - Shot Blocked by Farm Player18.
16:17 of 2nd period - Wrist shot by Aaron Rome.
16:17 of 2nd period - Stopped by Farm Player100 with a rebound.
16:19 of 2nd period - Snap shot by Hal Gill.
16:19 of 2nd period - Stopped by Farm Player100 with a rebound.
16:21 of 2nd period - Slapshot by Hal Gill.
16:21 of 2nd period - Stopped by Farm Player100 with a rebound.
16:45 of 2nd period - Wrist shot by Gilbert Brule.
16:45 of 2nd period - Shot Blocked by Taylor Fedun.
16:47 of 2nd period - Wrist shot by Gilbert Brule.
16:47 of 2nd period - Stopped by Farm Player100 without a rebound.
16:48 of 2nd period - Andrew Joudrey wins face-off versus Gilbert Brule in Monsters zone.
17:11 of 2nd period - Wrist shot by Paul Bissonnette.
17:11 of 2nd period - Stopped by Mike McKenna with a rebound.
17:46 of 2nd period - Matthew Corrente is hit by Vincent LoVerde and loses puck.
18:04 of 2nd period - Snap shot by Peter Holland.
18:04 of 2nd period - Stopped by Farm Player100 without a rebound.
18:05 of 2nd period - Peter Holland wins face-off versus Andrew Joudrey in Monsters zone.
18:06 of 2nd period - Slapshot by Gilbert Brule.
18:06 of 2nd period - Shot Misses the Net.
18:37 of 2nd period - Minor Penalty to Matthew Corrente for Interference.
18:38 of 2nd period - Benn Ferriero wins face-off versus David Steckel in Monsters zone.
Goals for this period are 0 for Monsters vs 6 for Pirates.
Shots for this period are 8 for Monsters vs 13 for Pirates.

3rd period


0:01 of 3rd period - Benn Ferriero wins face-off versus Gilbert Brule in neutral zone.
0:37 of 3rd period - Penalty to Matthew Corrente is over, Matthew Corrente is back on ice.
1:09 of 3rd period - Eric Tangradi is hit by Brett Hextall and loses puck.
1:28 of 3rd period - Slapshot by Tanner Richard.
1:28 of 3rd period - Stopped by Mike McKenna without a rebound.
1:28 of 3rd period - Minor Penalty to Mike McKenna for Slashing.
1:29 of 3rd period - Bobby Butler wins face-off versus Raphael Bussieres in Pirates zone.
1:33 of 3rd period - Off-side.
1:34 of 3rd period - Bobby Butler wins face-off versus Raphael Bussieres in neutral zone.
1:49 of 3rd period - Wrist shot by Benn Ferriero.
1:49 of 3rd period - Shot Misses the Net.
1:51 of 3rd period - Slapshot by Raphael Bussieres.
1:51 of 3rd period - Shot Misses the Net.
1:53 of 3rd period - Snap shot by Raphael Bussieres.
1:53 of 3rd period - Shot Blocked by Bobby Butler.
1:55 of 3rd period - Wrist shot by Andrej Nestrasil.
1:55 of 3rd period - Shot Misses the Net.
1:57 of 3rd period - Wrist shot by Raphael Bussieres.
1:57 of 3rd period - Stopped by Mike McKenna without a rebound.
1:58 of 3rd period - Andrew Joudrey wins face-off versus Bobby Butler in Pirates zone.
1:59 of 3rd period - Wrist shot by Max Friberg.
1:59 of 3rd period - Goal by Max Friberg - Monsters : 1 - Pirates : 11.
2:00 of 3rd period - David Steckel wins face-off versus Raphael Bussieres in neutral zone.
2:16 of 3rd period - David Steckel and Andrej Nestrasil fight to a draw.
2:16 of 3rd period - Penalty to David Steckel for Fighting.
2:16 of 3rd period - Penalty to Andrej Nestrasil for Fighting.
2:17 of 3rd period - Raphael Bussieres wins face-off versus Ryan Craig in neutral zone.
2:19 of 3rd period - Taylor Fedun is hit by Hal Gill and loses puck.
2:43 of 3rd period - Snap shot by Gilbert Brule.
2:43 of 3rd period - Goal by Gilbert Brule - Monsters : 1 - Pirates : 12.
2:44 of 3rd period - Peter Holland wins face-off versus Raphael Bussieres in neutral zone.
2:54 of 3rd period - Eric Tangradi is hit by Benn Ferriero and loses puck.
3:15 of 3rd period - Snap shot by Brandon Segal.
3:15 of 3rd period - Stopped by Farm Player100 without a rebound.
3:16 of 3rd period - Gilbert Brule wins face-off versus Andrew Joudrey in Monsters zone.
3:37 of 3rd period - Snap shot by Max Friberg.
3:37 of 3rd period - Stopped by Mike McKenna without a rebound.
3:38 of 3rd period - Markus Granlund wins face-off versus Tanner Richard in Pirates zone.
3:49 of 3rd period - Slapshot by Markus Granlund.
3:49 of 3rd period - Stopped by Farm Player100 with a rebound.
3:51 of 3rd period - Slapshot by Hal Gill.
3:51 of 3rd period - Stopped by Farm Player100 with a rebound.
3:53 of 3rd period - Snap shot by Nick Johnson.
3:53 of 3rd period - Shot Misses the Net.
3:55 of 3rd period - Snap shot by Bobby Butler.
3:55 of 3rd period - Shot Misses the Net.
3:57 of 3rd period - Slapshot by Hal Gill.
3:57 of 3rd period - Shot Blocked by Benn Ferriero.
3:59 of 3rd period - Slapshot by Markus Granlund.
3:59 of 3rd period - Stopped by Farm Player100 without a rebound.
4:00 of 3rd period - Peter Holland wins face-off versus Andrew Joudrey in Monsters zone.
4:04 of 3rd period - Brandon Segal and Matthew Corrente fight to a draw.
4:04 of 3rd period - Penalty to Brandon Segal for Fighting.
4:04 of 3rd period - Penalty to Matthew Corrente for Fighting.
4:05 of 3rd period - Raphael Bussieres wins face-off versus Gilbert Brule in Monsters zone.
4:16 of 3rd period - Taylor Fedun is hit by Bobby Butler and loses puck.
5:09 of 3rd period - Snap shot by Eric Tangradi.
5:09 of 3rd period - Stopped by Farm Player100 with a rebound.
5:40 of 3rd period - Tanner Richard is hit by Eric Tangradi and loses puck.
5:50 of 3rd period - Nick Johnson and Taylor Fedun fight to a draw.
5:50 of 3rd period - Penalty to Nick Johnson for Fighting.
5:50 of 3rd period - Penalty to Taylor Fedun for Fighting.
5:51 of 3rd period - Andrew Joudrey wins face-off versus Markus Granlund in Monsters zone.
5:51 of 3rd period - Andrew Joudrey is hit by Markus Granlund.
6:03 of 3rd period - Max Friberg is hit by Peter Holland and loses puck.
6:34 of 3rd period - Minor Penalty to Markus Granlund for Interference.
6:35 of 3rd period - Andrew Joudrey wins face-off versus Bobby Butler in Pirates zone.
6:38 of 3rd period - Wrist shot by Max Friberg.
6:38 of 3rd period - Shot Misses the Net.
6:40 of 3rd period - Slapshot by Max Friberg.
6:40 of 3rd period - Stopped by Mike McKenna without a rebound.
6:41 of 3rd period - Bobby Butler wins face-off versus Paul Bissonnette in Pirates zone.
6:41 of 3rd period - Bobby Butler is hit by Max Friberg.
6:57 of 3rd period - Snap shot by Paul Bissonnette.
6:57 of 3rd period - Shot Misses the Net.
6:59 of 3rd period - Slapshot by Paul Bissonnette.
6:59 of 3rd period - Shot Misses the Net.
7:09 of 3rd period - Slapshot by Benn Ferriero.
7:09 of 3rd period - Stopped by Mike McKenna without a rebound.
7:10 of 3rd period - Bobby Butler wins face-off versus Raphael Bussieres in Pirates zone.
7:16 of 3rd period - Penalty to David Steckel is over, David Steckel is back on ice.
8:34 of 3rd period - Penalty to Markus Granlund is over, Markus Granlund is back on ice.
8:46 of 3rd period - Wrist shot by Markus Granlund.
8:46 of 3rd period - Shot Blocked by Paul Bissonnette.
9:06 of 3rd period - Vincent LoVerde is hit by Tanner Richard.
9:32 of 3rd period - Slapshot by Peter Holland.
9:32 of 3rd period - Stopped by Farm Player100 with a rebound.
9:50 of 3rd period - Snap shot by Markus Granlund.
9:50 of 3rd period - Stopped by Farm Player100 with a rebound.
9:52 of 3rd period - Snap shot by Hal Gill.
9:52 of 3rd period - Shot Blocked by Max Friberg.
9:54 of 3rd period - Slapshot by Mike Komisarek.
9:54 of 3rd period - Stopped by Farm Player100 with a rebound.
9:56 of 3rd period - Wrist shot by Markus Granlund.
9:56 of 3rd period - Deflect By Bobby Butler.
9:56 of 3rd period - Shot Blocked by Gleason Fournier.
9:56 of 3rd period - Puck is out of play.
9:57 of 3rd period - Markus Granlund wins face-off versus Andrew Joudrey in Monsters zone.
10:42 of 3rd period - David Steckel is hit by Matthew Corrente and loses puck.
10:49 of 3rd period - Snap shot by Benn Ferriero.
10:49 of 3rd period - Stopped by Mike McKenna with a rebound.
11:06 of 3rd period - Andrew Joudrey is hit by Mike Komisarek and loses puck.
11:29 of 3rd period - Tanner Richard is hit by Hal Gill.
13:02 of 3rd period - Icing by Markus Granlund.
13:03 of 3rd period - Markus Granlund wins face-off versus Tanner Richard in Pirates zone.
14:32 of 3rd period - Wrist shot by Nick Johnson.
14:32 of 3rd period - Stopped by Farm Player100 with a rebound.
14:34 of 3rd period - Wrist shot by Nick Johnson.
14:34 of 3rd period - Stopped by Farm Player100 with a rebound.
15:06 of 3rd period - Hal Gill is hit by Taylor Fedun and loses puck.
15:40 of 3rd period - Snap shot by Markus Granlund.
15:40 of 3rd period - Stopped by Farm Player100 with a rebound.
15:56 of 3rd period - Brett Hextall is hit by Aaron Rome and loses puck.
16:03 of 3rd period - Snap shot by Eric Tangradi.
16:03 of 3rd period - Stopped by Farm Player100 with a rebound.
16:05 of 3rd period - Snap shot by David Steckel.
16:05 of 3rd period - Shot Misses the Net.
16:07 of 3rd period - Slapshot by Vincent LoVerde.
16:07 of 3rd period - Stopped by Farm Player100 with a rebound.
16:30 of 3rd period - Taylor Fedun is hit by Bobby Butler and loses puck.
17:10 of 3rd period - Icing by Henrik Tommernes.
17:11 of 3rd period - Andrew Joudrey wins face-off versus Ryan Stoa in Pirates zone.
17:12 of 3rd period - Wrist shot by Paul Bissonnette.
17:12 of 3rd period - Stopped by Mike McKenna with a rebound.
17:14 of 3rd period - Slapshot by Max Friberg.
17:14 of 3rd period - Shot Misses the Net.
17:16 of 3rd period - Wrist shot by Paul Bissonnette.
17:16 of 3rd period - Shot Blocked by Ryan Stoa.
17:18 of 3rd period - Backhand shot by Farm Player27.
17:18 of 3rd period - Stopped by Mike McKenna with a rebound.
17:20 of 3rd period - Snap shot by Andrew Joudrey.
17:20 of 3rd period - Shot Blocked by Brandon Segal.
17:22 of 3rd period - Slapshot by Andrew Joudrey.
17:22 of 3rd period - Shot Misses the Net.
17:24 of 3rd period - Snap shot by Paul Bissonnette.
17:24 of 3rd period - Shot Hit the Post.
17:26 of 3rd period - Slapshot by Andrew Joudrey.
17:26 of 3rd period - Stopped by Mike McKenna with a rebound.
17:59 of 3rd period - Markus Granlund is hit by Max Friberg and loses puck.
18:06 of 3rd period - Paul Bissonnette is hit by Markus Granlund and loses puck.
18:36 of 3rd period - Wrist shot by Tanner Richard.
18:36 of 3rd period - Stopped by Mike McKenna with a rebound.
19:27 of 3rd period - Eric Tangradi is hit by Gleason Fournier and loses puck.
Goals for this period are 1 for Monsters vs 1 for Pirates.
Shots for this period are 11 for Monsters vs 14 for Pirates.


Output by the SimonT Hockey Simulator (STHS) for Eric Dolegowski -- Original Page W3C XHTML 1.0 Valid
Hockey Simulator - Hockey Simulation - Hockey Manager